 Dungeon Crawl Stone Soup version 0.26-a0-1040-gbe3abf3417 (webtiles) character file.

Game seed: 8397526536091888003

422 Dracia the Poker (level 6, -1/41 HPs)
             Began as a Merfolk Ice Elementalist on Dec 11, 2020.
             Slain by an orc (4 damage)
             ... on level 5 of the Dungeon.
             The game lasted 00:10:01 (5051 turns).

Dracia the Poker (Merfolk Ice Elementalist)         Turns: 5051, Time: 00:10:01

Health: -1/41      AC: 10    Str: 11    XL:     6   Next: 95%
Magic:  3/9        EV:  8    Int: 14    God:
Gold:   144        SH:  0    Dex: 14    Spells: 2/9 levels left

rFire    . . .     SeeInvis .   n - +0 trident
rCold    . . .     Faith    .   (no shield)
rNeg     . . .     Spirit   .   h - +0 ring mail
rPois    .         Reflect  .   e - +0 helmet
rElec    .         Harm     .   (no cloak)
rCorr    .         Rampage  .   d - +0 pair of gloves
Will     .....                  (no boots)
Stlth    ++........             (no amulet)
HPRegen  0.13/turn              L - ring of flight (curse)
MPRegen  0.11/turn              Q - ring of stealth

@: icy armour, frozen ramparts, constricted
A: change form in water, swift swim, stealthy swim
a: Evoke Flight


You were on level 5 of the Dungeon.
You visited 1 branch of the dungeon, and saw 5 of its levels.

You collected 144 gold pieces.


   Skills:
 * Level 7.4 Polearms
 - Level 2.6 Dodging
 - Level 2.1 Stealth
 - Level 2.0 Spellcasting
 + Level 6.6 Ice Magic


You had 2 spell levels left.
You knew the following spells:

 Your Spells              Type           Power        Failure   Level
o - Ozocubu's Armour      Ice            ###.....     12%         3
r - Frozen Ramparts       Ice            ###...       12%         3
z - Freeze                Ice            ###.         3%          1

Your spell library contained the following spells:

 Spells                   Type           Power        Failure   Level
 Hailstorm                Conj/Ice       ##......     83%         4
 Summon Ice Beast         Ice/Summ       ##......     83%         4

Inventory:

Hand Weapons
 c - a +0 club
 f - a +0 short sword of freezing
 j - a +0 spear
 n - a +0 trident (weapon)
Missiles
 m - 6 poisoned darts
Armour
 a - a +0 robe
 d - a +0 pair of gloves (worn)
 e - a +0 helmet (worn)
 h - a +0 ring mail (worn)
Jewellery
 L - a cursed ring of flight (left hand)
 Q - a ring of stealth (right hand)
 T - an uncursed amulet of faith {!P!P}
Scrolls
 b - 3 scrolls of identify {@r1@r1}
 g - 6 scrolls of teleportation {@r4@r4}
 k - a scroll of blinking
 r - 2 scrolls of remove curse {unknown}
 s - a scroll of magic mapping

Dungeon Overview and Level Annotations

Branches:
Dungeon (5/15)
 Temple: D:4-7

Altars:
Ashenzari
Cheibriados
Gozag
Nemelex Xobeh
Ru
Sif Muna

##.....# #....###
#######..#.#
###.....####.#
.............# ######
...........#########......
...........##.............
#.....)...##Zo.[.........
#..(.Zo..#.W@...........#
.......##.#.##.###########
....... #^..#.... .......
#####...... .......
......... .......
.......... .......
........... .......
............


You could see a phantom, an orc and a ball python skeleton.


Message History

* * * LOW HITPOINT WARNING * * *
The ball python skeleton resists.
The wall freezes the ball python skeleton.
The ball python skeleton barely misses you.
* * * LOW HITPOINT WARNING * * *
The ball python skeleton constricts you.
The orc hits you but does no damage.
Casting: Frozen Ramparts (dangerous; 12% risk of failure)
Confirm with . or Enter, or press ? or * to list all spells.
A film of ice covers your body!
The phantom resists.
The wall freezes the phantom.
The phantom hits you but does no damage.
The ball python skeleton completely resists.
The wall freezes the ball python skeleton but do no damage.
The ball python skeleton bites you but does no damage.
The ball python skeleton constricts you.
The orc hits you but does no damage.
You are too injured to fight recklessly!
You are too injured to fight recklessly!
You hit the ball python skeleton.
The ball python skeleton is severely damaged.
The phantom completely resists.
The wall freezes the phantom but do no damage.
The phantom barely misses you.
The ball python skeleton completely resists.
The wall freezes the ball python skeleton but do no damage.
The ball python skeleton bites you but does no damage.
The ball python skeleton constricts you.
The orc hits you.
You die...

Skill      XL: |  1  2  3  4  5  6 |
---------------+-------------------+-----
Ice Magic      | 5 6 |  6.6
Polearms       | 1 3 4 5 7 |  7.4
Dodging        | |  2.6
Stealth        | |  2.1
Spellcasting   | |  2.0

Action                   |  1- 3 |  4- 6 || total
-------------------------+-------+-------++-------
Melee: Club              |    57 |       ||    57
       Spear             |   207 |    41 ||   248
       Short sword       |    14 |       ||    14
       Tailslap          |     2 |       ||     2
       Trident           |       |   126 ||   126
 Cast: Freeze            |     2 |    17 ||    19
       Frozen Ramparts   |       |     4 ||     4
       Ozocubu's Armour  |       |     1 ||     1
  Use: Potion            |     1 |     8 ||     9
       Scroll            |     3 |     1 ||     4
 Stab: Sleeping          |     5 |    10 ||    15
       Distracted        |       |     1 ||     1
Armor: Robe              |    17 |       ||    17
       Ring mail         |    78 |    74 ||   152
Dodge: Dodged            |   153 |    81 ||   234

Levels and vault maps discovered:
D:1:      dpeg_arrival_stonehenge_8_columns, layout_loops_corners,
          kennysheep_boxes
D:2:      layout_loops_ring, grunt_gozag_breadcrumbs,
          nemelex_xobeh_ov_fountains_minmay
D:3:      layout_basic, nicolae_overflow_hidden_temple,
          gammafunk_temple_overflow_elements, serial_glass, glass_columns_b,
          glass_columns_a, minmay_tree_intersection, corexii_corridor_pit
D:4:      layout_rooms, nicolae_ashenzari_panopticon
D:5:      layout_basic, kiku_gazebo_garden_becter, general_overflow_altar

Notes
Turn   | Place    | Note
-------+----------+-------------------------------------------
     0 | D:1      | Dracia the Merfolk Ice Elementalist began the quest for the
                  | Orb.
     0 | D:1      | Reached XP level 1. HP: 13/13 MP: 3/3
   599 | D:1      | Reached XP level 2. HP: 19/19 MP: 5/5
   758 | D:1      | Reached skill level 5 in Ice Magic
   996 | D:1      | Reached skill level 1 in Polearms
  1006 | D:1      | Reached XP level 3. HP: 12/24 MP: 6/6
  1218 | D:1      | Learned a level 3 spell: Frozen Ramparts
  1507 | D:1      | Reached skill level 2 in Polearms
  1862 | D:2      | Found an opulent altar of Gozag.
  2091 | D:2      | Found a sparkling altar of Nemelex Xobeh.
  2348 | D:2      | Reached skill level 3 in Polearms
  2406 | D:2      | Reached XP level 4. HP: 29/30 MP: 7/7
  2447 | D:2      | Learned a level 3 spell: Ozocubu's Armour
  3248 | D:3      | Reached skill level 4 in Polearms
  3384 | D:3      | Found a snail-covered altar of Cheibriados.
  3384 | D:3      | Found a shimmering blue altar of Sif Muna.
  3409 | D:3      | Found a sacrificial altar of Ru.
  4033 | D:4      | Found a broken altar of Ashenzari.
  4045 | D:4      | Reached XP level 5. HP: 35/35 MP: 8/8
  4203 | D:4      | Reached skill level 5 in Polearms
  4221 | D:4      | Reached skill level 6 in Ice Magic
  4262 | D:4      | Reached XP level 6. HP: 23/41 MP: 6/9
  4264 | D:4      | Reached skill level 6 in Polearms
  4698 | D:4      | Reached skill level 7 in Polearms
  4995 | D:5      | Entered Level 5 of the Dungeon
  5008 | D:5      | Noticed a phantom
  5049 | D:5      | HP: 4/41 [phantom (3)]
  5051 | D:5      | Slain by an orc

Vanquished Creatures
  An ogre (D:4)
  An orc priest (D:4)
  A bullfrog skeleton (D:4)
  4 orc wizards
  An iguana (D:4)
  2 adders
  2 oozes
  An adder skeleton (D:4)
  3 worms (D:2)
  A dart slug (D:3)
  13 orcs
  6 giant cockroaches
  8 goblins
  9 hobgoblins
  4 jackals (D:1)
  12 kobolds
  2 quokkas
  8 bats
  5 frilled lizards
  A leopard gecko skeleton (D:4)
  10 rats
95 creatures vanquished.

Table legend: (Time is in decaauts)
 A = Elapsed time spent in this place.
 B = Non-inter-level travel time spent in this place.
 C = Inter-level travel time spent in this place.
 D = Time resting spent in this place.
 E = Time spent auto-exploring this place.
 F = Levels seen in this place.
 G = Mean time per level.
                   A        B        C        D        E       F      G
               +--------+--------+--------+--------+--------+-----+--------+
         Total |   5032 |   4867 |    165 |    457 |   3500 |   5 | 1006.4 |
       Dungeon |   5032 |   4867 |    165 |    457 |   3500 |   5 | 1006.4 |
               +--------+--------+--------+--------+--------+-----+--------+

Top non-repeatable levels by time:
     D:1: 1836 daAuts
     D:3: 1135 daAuts
     D:2: 1025 daAuts
     D:4: 980 daAuts
     D:5: 54 daAuts

Table legend:
 A = Non-vault XP
 B = Vault XP
 C = Vault XP percentage of total XP
 D = Non-vault monster count
 E = Vault monster count
 F = Vault count percentage of total count
                 A         B        C        D         E       F
            +---------+---------+-------+---------+---------+-------
      Total |     604 |       0 |   0.0 |      95 |       0 |   0.0
            +---------+---------+-------+---------+---------+-------
        D:1 |      50 |       0 |   0.0 |      28 |       0 |   0.0
        D:2 |      69 |       0 |   0.0 |      27 |       0 |   0.0
        D:3 |      45 |       0 |   0.0 |      20 |       0 |   0.0
        D:4 |     400 |       0 |   0.0 |      18 |       0 |   0.0
        D:5 |      40 |       0 |   0.0 |       2 |       0 |   0.0
            +---------+---------+-------+---------+---------+-------
